AoeStats
← x.jingfu

Fortress

508423651Analyzed
4v4 RM · 10d ago on Sep 22, 2026· 48m 34s· 8 players
Game mode
Random Map
Map size
Huge
Population
200
Speed
Normal
Resources
Standard
Victory
Conquest
Starting age
Dark Age
Ending age
Imperial Age
RankedLock teamsTeams togetherTeam positionsShared explorationLock speedFull tech treeHidden civsTurbo modeCheats
Victory
Defeat
🇨🇳 Franks · China
1135
+15
🇨🇳 Turks · China
1113
+16
🇹🇼 Huns · Taiwan
1107
+16
🇮🇳 Italians · India
1097
+16
🇸🇪 Franks · Sweden
1185
-19
🇺🇸 Turks · United States
1103
-16
🇦🇺 Khmer · Australia
1067
-14
🇨🇳 Maya · China
1062
-14
只會5TC
8:26 Feudal Age
9:51 Loom
12:42 Castle Age
11:07 Double-Bit Axe
11:05 Horse Collar
13:42 Bow Saw
19:56 Wheelbarrow
24:20 Imperial Age
22:31 Marauders
22:39 Scale Barding Armor
22:48 Bloodlines
22:57 Husbandry
23:21 Gold Mining
24:21 Hand Cart
24:18 Forging
25:28 Gold Shaft Mining
26:57 Chain Barding Armor
27:55 Iron Casting
31:21 Blast Furnace
30:57 Plate Barding Armor
30:28 Heavy Plow
31:31 Two-Man Saw
31:01 Elite Tarkan
32:02 Conscription
31:05 Light Cavalry
32:06 Hussar
38:33 Plate Barding Armor
快乐的小跑
6:00 Feudal Age
11:34 Castle Age
14:35 Forging
14:18 Fletching
14:28 Padded Archer Armor
14:28 Scale Mail Armor
15:06 Gold Mining
15:18 Double-Bit Axe
20:16 Husbandry
20:26 Bloodlines
21:54 Scale Barding Armor
22:44 Bloodlines
26:40 Husbandry
30:40 Imperial Age
28:14 Loom
28:33 Bodkin Arrow
28:54 Leather Archer Armor
28:54 Chain Mail Armor
31:08 Cavalier
32:52 Chain Barding Armor
33:03 Plate Mail Armor
33:03 Ring Archer Armor
32:33 Bracer
32:46 Forging
33:40 Town Watch
34:32 Wheelbarrow
36:31 Chain Barding Armor
39:39 Chemistry
38:07 Elite Genoese Crossbowman
cihuncihome
7:43 Feudal Age
9:31 Double-Bit Axe
12:03 Castle Age
11:19 Gold Mining
12:26 Scale Barding Armor
13:41 Husbandry
17:45 Bow Saw
17:28 Loom
21:53 Forging
30:02 Iron Casting
32:22 Wheelbarrow
34:05 Wheelbarrow
36:47 Imperial Age
36:01 Chain Barding Armor
37:08 Hand Cart
37:51 Cavalier
39:34 Blast Furnace
39:26 Conscription
42:16 Plate Barding Armor
43:00 Town Watch
42:39 Light Cavalry
43:30 Chivalry
43:27 Paladin
菜鸟不是菜
8:00 Feudal Age
12:38 Castle Age
11:09 Double-Bit Axe
11:34 Gold Mining
18:59 Imperial Age
43:40 Scale Barding Armor
43:46 Forging
43:40 Husbandry
43:51 Bloodlines
44:38 Gold Shaft Mining
45:29 Wheelbarrow
46:25 Chain Barding Armor
46:41 Iron Casting
48:25 Hand Cart
48:20 Caravan
49:32 Blast Furnace
49:08 Plate Barding Armor
SwedenBirdieSkaggs236
9:56 Feudal Age
10:47 Gold Mining
10:43 Double-Bit Axe
12:13 Loom
14:37 Castle Age
19:21 Imperial Age
21:15 Fletching
21:26 Padded Archer Armor
25:16 Bodkin Arrow
25:36 Leather Archer Armor
25:32 Forging
25:22 Scale Mail Armor
31:53 Squires
31:38 Arson
33:14 Bracer
33:45 Ring Archer Armor
33:50 Iron Casting
33:31 Chain Mail Armor
38:18 Bloodlines
39:20 Scale Barding Armor
39:56 Husbandry
40:10 Heavy Camel Rider
x.jingfu
2:25 Loom
10:02 Feudal Age
10:34 Town Watch
10:35 Double-Bit Axe
10:43 Gold Mining
14:40 Castle Age
13:06 Scale Barding Armor
14:19 Town Watch
15:11 Forging
15:39 Bow Saw
19:40 Wheelbarrow
20:35 Chain Barding Armor
20:38 Husbandry
22:34 Iron Casting
22:58 Hand Cart
23:01 Stone Mining
34:35 Imperial Age
36:25 Plate Barding Armor
35:11 Cavalier
36:56 Blast Furnace
38:19 Fletching
38:30 Scale Mail Armor
37:51 Paladin
梁志超他奶
7:16 Feudal Age
8:22 Horse Collar
12:19 Castle Age
10:34 Double-Bit Axe
10:41 Gold Mining
11:23 Fletching
11:34 Padded Archer Armor
12:44 Padded Archer Armor
13:11 Bow Saw
13:01 Heavy Plow
16:06 Padded Archer Armor
16:46 Loom
18:38 Bodkin Arrow
20:33 Ballistics
20:46 Leather Archer Armor
22:40 Stone Mining
23:56 Stone Shaft Mining
23:42 Thumb Ring
26:17 Wheelbarrow
30:11 Imperial Age
27:42 Eagle Warrior
28:27 Scale Mail Armor
28:37 Forging
29:23 Hand Cart
30:01 Squires
30:12 Arson
31:10 Chain Mail Armor
32:16 Two-Man Saw
31:57 Ring Archer Armor
32:38 Crop Rotation
32:57 Conscription
32:59 Bracer
34:08 Plate Mail Armor
33:14 Pikeman
35:34 Chemistry
34:15 Treadmill Crane
35:14 Forging
34:26 Halberdier
36:10 Elite Plumed Archer
37:31 Iron Casting
38:07 Elite Eagle Warrior
41:29 Blast Furnace
42:00 Masonry
43:07 Holcans
44:33 Architecture
Grimble_Grumble
7:51 Feudal Age
11:03 Castle Age
9:47 Stone Mining
9:52 Double-Bit Axe
13:33 Horse Collar
21:42 Loom
22:34 Wheelbarrow
23:17 Heavy Plow
31:50 Imperial Age
29:39 Bow Saw
29:17 Town Watch
29:43 Gold Mining
30:25 Man-at-Arms
30:26 Pikeman
31:33 Hand Cart
32:04 Fortified Wall
32:38 Forging
32:29 Scale Mail Armor
32:20 Fletching
33:11 Conscription
33:15 Elite Ballista Elephant
34:20 Tusk Swords
34:27 Double Crossbow
35:37 Halberdier
37:32 Chemistry
37:29 Iron Casting
38:05 Gold Shaft Mining
Connection lost

Rejoining the realm…

Still unreachable

The connection could not be restored.

Session expired

The server has moved on; the page needs a fresh start.